 Dungeon Crawl Stone Soup version 0.30.0-29-ga12c61a403 (webtiles) character file.

Game seed: 9366781230184959109

108784 monsoonserge the Tortoise (level 17, -2/161 HPs)
             Began as a Meteoran Cinder Acolyte on June 18, 2023.
             Was a Priest of Ignis.
             Killed from afar by Nikola (49 damage)
             ... with an arc of chain lightning
             ... on level 3 of the Shoals.
             The game lasted 02:30:52 (11983 turns).

monsoonserge the Tortoise (MeCA)                   Turns: 11983, Time: 02:30:52

Health: -2/161     AC: 36    Str: 24    XL:     17   Next: 19%
Magic:  21/21      EV: 14    Int: 18    God:    Ignis [***...]
Gold:   2090       SH:  4    Dex: 17    Spells: 18/20 levels left

rFire   + + .        a - +8 whip "Snakebite" {venom, curare, rPois}
rCold   . . .        m - +0 buckler "Vonehiadgh" {Will+ Dex+4}
rNeg    . . .        r - +9 plate armour "Reucy" {rF+ Int+2}
rPois   +            Q - +1 helmet
rElec   .            n - +0 cloak
rCorr   .            X - +1 pair of gloves
SInv    +            D - +0 pair of boots
Will    +++..        A - amulet of regeneration Stlth
                     O - ring of Psychosis {Dex+3 Slay+4 SInv}
HPRegen 1.26/turn    u - +5 ring of evasion
MPRegen 0.17/turn

%: no passive effects
@: about to teleport, glowing
A: sense surroundings 2, otherworldly, glowing, explore regen
}: 1/15 runes: abyssal
a: Renounce Religion, Fiery Armour, Foxfire Swarm


You were on level 3 of the Shoals.
You worshipped Ignis.
Ignis was most pleased with you.
You visited 6 branches of the dungeon, and saw 23 of its levels.
You visited the Abyss 1 time.
You also visited: Bailey.

You collected 2146 gold pieces.
You spent 56 gold pieces at shops.

Inventory:

Hand Weapons
 a - the +8 whip "Snakebite" (weapon) {venom, curare, rPois}
   (You found it on level 4 of the Lair of Beasts)

   rPois:     It protects you from poison.
 b - the +8 flail of Drought {heavy, rElec rC++ rCorr Str-3}
   (You found it on level 9 of the Dungeon)

   Str:       It affects your strength (-3).
   rC:        It greatly protects you from cold.
   rElec:     It insulates you from electricity.
   rCorr:     It protects you from acid and corrosion.
 M - a +0 arbalest
Missiles
 c - 2 boomerangs of dispersal
 e - 23 poisoned darts
 q - 11 javelins
 I - 19 boomerangs (quivered)
Armour
 m - the +0 buckler "Vonehiadgh" (worn) {Will+ Dex+4}
   (You found it on level 3 of the Shoals)

   Dex:       It affects your dexterity (+4).
   Will:      It increases your willpower.
 n - a +0 cloak (worn)
 r - the +9 plate armour "Reucy" (worn) {rF+ Int+2}
   (You found it on level 2 of the Dungeon)

   Int:       It affects your intelligence (+2).
   rF:        It protects you from fire.
 D - a +0 pair of boots (worn)
 P - the +2 leather armour of Umeig {rPois Str+5}
   (You found it in a bailey)

   Str:       It affects your strength (+5).
   rPois:     It protects you from poison.
 Q - a +1 helmet (worn)
 X - a +1 pair of gloves (worn)
Jewellery
 l - a ring of positive energy
 u - a +5 ring of evasion (right hand)
 A - an amulet of regeneration (around neck)
 O - the ring of Psychosis (left hand) {Dex+3 Slay+4 SInv}
   (You acquired it in a bailey)

   [ring of slaying]

   Dex:       It affects your dexterity (+3).
   Slay:      It affects your accuracy & damage with ranged weapons and melee
   (+4).
   SInv:      It lets you see invisible.
 U - a ring of resist corrosion
Wands
 f - a wand of mindburst (6)
 G - a wand of roots (11)
 J - a wand of flame (46)
 S - a wand of polymorph (5)
 Y - a wand of charming (2)
 Z - a wand of light (7)
Scrolls
 g - 2 scrolls of fear
 i - 2 scrolls of immolation {unknown}
 j - 2 scrolls of vulnerability
 o - 5 scrolls of teleportation
 t - 2 scrolls of fog {unknown}
 v - 4 scrolls of poison
 w - 2 scrolls of silence
 x - 7 scrolls of enchant weapon
 y - 6 scrolls of enchant armour
 C - a scroll of blinking
 K - a scroll of amnesia
 R - a scroll of butterflies {unknown}
 T - 2 scrolls of magic mapping {unknown}
Potions
 h - 2 potions of ambrosia
 k - 3 potions of brilliance
 p - 8 potions of curing
 z - 3 potions of lignification
 B - 4 potions of might
 E - 4 potions of flight
 F - 2 potions of attraction {unknown}
 L - 2 potions of cancellation {unknown}
 N - a potion of resistance {unknown}
 V - a potion of berserk rage {unknown}
 W - 2 potions of mutation {unknown}
Miscellaneous
 d - a phantom mirror


   Skills:
 * Level 17.1 Fighting
 + Level 3.4(11.9) Axes
 - Level 14.7(15.0) Maces & Flails
 + Level 11.6(11.8) Polearms
 - Level 9.3 Ranged Weapons
 * Level 5.1 Throwing
 + Level 17.4 Armour
 + Level 3.4 Dodging
 * Level 0.8 Shields
 - Level 2.0 Spellcasting
 - Level 4.2 Fire Magic
 * Level 7.4 Evocations


You had 18 spell levels left.
You knew the following spells:

 Your Spells              Type           Power      Damage    Failure   Level
a - Scorch                Fire           32%        2d6       38%         2

Your spell library contained the following spells:

 Spells                   Type           Power      Damage    Failure   Level
 Inner Flame              Hex/Fire       9%         N/A       88%         3
 Call Canine Familiar     Summ           1%         N/A       99%         3
 Confusing Touch          Hex            1%         N/A       99%         3
 Mephitic Cloud           Conj/Pois/Air  1%         N/A       99%         3
 Portal Projectile        Hex/Tloc       2%         N/A       99%         3
 Tukima's Dance           Hex            1%         N/A       99%         3
 Vhi's Electric Charge    Tloc/Air       2%         N/A       99%         3
 Flame Wave               Conj/Fire      9%         2d6       99%         4
 Sticky Flame             Conj/Fire      9%         2d3       99%         4
 Leda's Liquefaction      Hex/Erth       0%         N/A       100%        4
 Arcjolt                  Conj/Air       0%         1d10      100%        5
 Maxwell's Capacitive Co  Air            0%         ∞         100%        8


Dungeon Overview and Level Annotations

Branches:
Dungeon (11/15) Zot: 692   Temple (1/1) D:5 Zot: 590    Lair (5/5) D:11 Zot: 301
 Shoals (3/4) Lair:3 Zot: 639   Snake (0/4) Lair:2          Orc (2/2) D:9 Zot: 22
    Elf (1/3) Orc:2 Zot: 481  Bailey (visited)
  Slime: Lair:4-5

Altars:
Hepliaklqana
Wu Jian
Xom

Shops:
D:4 =   D:7 ?

Annotations:
Shoals:2 Polyphemus; Roxanne
Shoals:3 Nikola
Orc:2 1 runed translucent door, math4jedi's ghost, journeyman MiBe


Innate Abilities, Weirdness & Mutations

You passively map the area around you.
You are easily found by Zot.
You glow in the dark.
You regain HP and MP as you explore.


Message History

The water elemental engulfs you in water!
The merfolk closely misses you.
The alligator snapping turtle bites you from afar.
You enter the shallow water.
Moving in this stuff is going to be slow.
Nikola the Mad Inventor comes into view.
He is wielding a +3 rapier of electrocution.
You slip free of the water engulfing you.
You gasp with relief as air once again reaches your lungs.
Nikola shouts!
You block the merfolk's attack.
The alligator snapping turtle bites you from afar!!
* * * LOW HITPOINT WARNING * * *
You feel much better. The water elemental barely misses you.
The merfolk hits you but does no damage. x2
Press: ? - help, v - describe, . - travel
Here: a merfolk, wielding a +0 trident Some shallow water, summoned.
Unknown command.
Press: ? - help, v - describe, . - travel
Here: Nikola, wielding a +3 rapier of electrocution, wearing a +1 cloak and wearing a +0 pair of gloves Some shallow water.
As you read the scroll of teleportation, it crumbles to dust.
You feel strangely unstable.
The alligator snapping turtle bites you from afar!!
* * * LOW HITPOINT WARNING * * *
The water elemental completely misses you.
The merfolk hits you from afar with a +0 trident!
* * * LOW HITPOINT WARNING * * *
The merfolk hits you from afar with a +0 trident!
* * * LOW HITPOINT WARNING * * *
Nikola mumbles, "Hm, I wonder if you're conductive."
You feel much better. The water elemental hits you.
The water elemental engulfs you in water!
The alligator snapping turtle bites you but does no damage.
The merfolk barely misses you. The merfolk closely misses you.
You slip free of the water engulfing you.
You gasp with relief as air once again reaches your lungs.
Nikola mumbles some strange words.
Lightning arcs from Nikola's hands!
The bolt of lightning hits you!!!
You die...

~, , , , ~ ~ ~ , ..~~~~~ ~
~~ ~ ~ * ,, *, ..~~~~~ ~ ~
~ , , ,,..~~~~~ ~ *, ,
..~@~~~~ ~ ~~ * #.~~..~~~
~~ ~ ~~~ ##$~~...~~ ~ ~
~~~~.* #.~~~.#>~~ ≈≈≈≈~.#*
#@~~~...~~ ~ ~ ≈≈≈≈~~.##
#E~t~~~~~~ ~≈≈≈≈≈~m.##
#.)~~~~~~~
≈≈≈≈≈≈≈≈≈~~..###mm~~~~~~~~
,**
≈≈≈≈≈≈≈≈≈~~~mm..~~~~~~~~~
~ *
≈≈≈≈≈≈≈≈≈~~~~....~~~~~~~~~
*
≈≈≈≈≈≈≈≈≈~~~~~~~~~~~~~~~~
≈≈≈≈≈≈≈≈≈~~~~≈≈≈≈~~≈~~.~~
~
≈≈≈≈≈≈≈≈≈~~~~≈≈≈≈≈≈≈≈..~.
,,,


You could see Nikola, an alligator snapping turtle, 2 merfolk and a water
elemental.

Vanquished Creatures
  A hellephant (Abyss:3)
  4 tentacled starspawn (Abyss:3)
  Gastronok (Lair:3)
  Ilsuiw (Shoals:2)
  A starflower (Abyss:3)
  A dire elephant (Abyss:3)
  Josephine (Orc:2)
  2 merfolk impalers
  A ghost crab (Abyss:3)
  2 merfolk javelineers
  3 hydras
  A centaur warrior (D:10)
  2 catoblepae
  A merfolk avatar (Shoals:1)
  An anaconda (Lair:5)
  11 death yaks
  A two-headed ogre (D:10)
  A satyr (Shoals:3)
  A merfolk aquamancer (Shoals:3)
  An orc high priest (Bailey)
  Urug (Orc:1)
  2 thrashing horrors (Abyss:3)
  3 skysharks
  A wretched star (Abyss:3)
  Amaemon (Lair:2)
  Nergalle (Orc:1)
  A sixfirhy (Abyss:3)
  Lodul (D:11)
  2 lindwurms (Lair:5)
  3 sea snakes
  A deep elf archer (Elf:1)
  5 orc knights
  11 harpies (Shoals:1)
  3 deep elf zephyrmancers
  A deep elf pyromancer (D:9)
  2 orc sorcerers (Orc:1)
  5 manticores
  8 fauns
  7 elephants
  A cyclops (Shoals:2)
  5 merfolk sirens
  2 torpor snails (Lair:5)
  A water nymph (Shoals:1)
  5 black mambas (Lair:5)
  Maurice (D:10)
  An orange demon (Lair:2)
  8 cane toads
  A gargoyle (D:11)
  A kobold demonologist (Bailey)
  4 komodo dragons
  2 rime drakes
  9 polar bears (Lair:5)
  An ancient zyme (Abyss:3)
  6 trolls
  11 merfolk
  4 dream sheep
  2 wind drakes
  A hornet (D:9)
  7 blink frogs
  2 snapping turtles (Shoals:1)
  3 raiju
  3 water elementals
  2 ynoxinuls (Abyss:3)
  25 yaks
  A spriggan (shapeshifter) (Abyss:3)
  5 wyverns
  4 wraiths
  4 air elementals (Orc:2)
  4 starcursed masses (Abyss:3)
  A basilisk (Lair:3)
  6 large abominations (Abyss:3)
  6 vampire mosquitoes (D:11)
  Eustachio (D:5)
  A chaos spawn (Abyss:3)
  A neqoxec (Abyss:3)
  4 small abominations (Abyss:3)
  9 wargs
  19 water moccasins
  2 acid dragons (D:10)
  Duvessa (D:6)
  16 hell hounds (Lair:5)
  31 orc warriors
  An ice beast (D:7)
  13 black bears
  3 sky beasts
  15 wolves
  13 ogres
  4 centaurs
  2 kobold brigands
  2 phantoms
  5 bullfrogs
  A gnoll sergeant (D:5)
  3 scorpions
  4 wights (D:9)
  Dowan (D:6)
  7 electric eels
  9 howler monkeys
  A hound (D:7)
  17 orc priests
  A gnoll bouda (D:7)
  3 jellies
  An iron imp (Abyss:3)
  A sleepcap (D:5)
  15 orc wizards
  6 iguanas
  26 gnolls
  4 adders
  2 white imps
  2 dart slugs
  53 orcs
  4 ball pythons
  7 bats
  8 endoplasms
  2 giant cockroaches
  13 goblins
  21 hobgoblins
  5 jackals
  14 kobolds
  3 quokkas
  2 frilled lizards
  9 rats
  12 starspawn tentacles (Abyss:3)
636 creatures vanquished.

Vanquished Creatures (others)
  A deep elf pyromancer (Elf:1)
  A smoke demon (Abyss:3)
  A water elemental (Shoals:3)
  A chaos spawn (Abyss:3)
  21 foxfires (D:6)
  10 starspawn tentacles (Abyss:3)
35 creatures vanquished.

Grand Total: 671 creatures vanquished

Notes
Turn   | Place    | Note
-------+----------+-------------------------------------------
     0 | D:1      | monsoonserge the Meteoran Cinder Acolyte began the quest
                  | for the Orb.
     0 | D:1      | Reached XP level 1. HP: 19/19 MP: 3/3
    62 | D:1      | Reached XP level 2. HP: 20/26 MP: 5/5
    66 | D:1      | Learned a level 2 spell: Scorch
   176 | D:1      | Reached XP level 3. HP: 31/31 MP: 2/6
   470 | D:2      | Found a faded altar of an unknown god.
   479 | D:2      | Identified the +9 plate armour "Reucy" {rF+ Int+2}
   673 | D:2      | Found an ornate altar of the Wu Jian Council.
   733 | D:1      | Reached XP level 4. HP: 38/38 MP: 8/8
   826 | D:2      | Reached skill level 1 in Dodging
   829 | D:2      | Reached skill level 1 in Armour
  1152 | D:3      | Found a hazy altar of Hepliaklqana.
  1240 | D:3      | Reached skill level 5 in Maces & Flails
  1295 | D:3      | Reached XP level 5. HP: 46/46 MP: 9/9
  1538 | D:3      | Reached XP level 6. HP: 52/52 MP: 10/10
  1886 | D:4      | Found Oleavip's Jewellery Shop.
  2116 | D:5      | Entered Level 5 of the Dungeon
  2225 | D:5      | Reached XP level 7. HP: 60/60 MP: 11/11
  2256 | D:5      | Noticed Eustachio
  2299 | D:5      | Reached skill level 1 in Axes
  2354 | D:5      | Reached skill level 1 in Throwing
  2392 | D:5      | Reached skill level 5 in Fighting
  2468 | D:5      | Reached skill level 5 in Armour
  2468 | D:5      | Reached XP level 8. HP: 68/68 MP: 12/12
  2574 | D:5      | Found a staircase to the Ecumenical Temple.
  2579 | Temple   | Entered the Ecumenical Temple
  2637 | D:5      | Reached skill level 1 in Polearms
  2800 | D:5      | Killed Eustachio
  2925 | D:6      | Reached skill level 1 in Ranged Weapons
  2984 | D:6      | Gained mutation: You passively map the area around you.
                  | [Meteoran growth]
  2984 | D:6      | Reached XP level 9. HP: 67/75 MP: 13/13
  3175 | D:6      | Noticed Dowan
  3175 | D:6      | Noticed Duvessa
  3183 | D:6      | Killed Dowan
  3184 | D:6      | Reached skill level 5 in Polearms
  3203 | D:6      | Killed Duvessa
  3351 | D:7      | Reached skill level 1 in Evocations
  3439 | D:7      | Reached XP level 10. HP: 78/86 MP: 14/14
  3649 | D:7      | Found Iwkempese's Magic Scroll Boutique.
  3652 | D:7      | Bought a scroll of fear for 56 gold pieces
  3788 | D:8      | Identified the +1 spear of Peril {heavy, Int+3}
  3880 | D:8      | Found a flagged portal.
  3907 | Bailey   | Entered a bailey
  4078 | Bailey   | Acquired the ring of Psychosis {Dex+3 Slay+4 SInv}
  4305 | Bailey   | Found an iron altar of Okawaru.
  4305 | Bailey   | Noticed an orc high priest
  4305 | Bailey   | Noticed a kobold demonologist
  4322 | Bailey   | Killed an orc high priest
  4323 | Bailey   | Reached skill level 10 in Polearms
  4323 | Bailey   | Reached XP level 11. HP: 82/95 MP: 15/15
  4340 | Bailey   | Identified the +2 leather armour of Umeig {rPois Str+5}
  4550 | D:8      | Reached skill level 10 in Armour
  4578 | D:9      | Found a staircase to the Orcish Mines.
  4595 | D:9      | Noticed a deep elf pyromancer
  4604 | D:9      | Killed a deep elf pyromancer
  4700 | D:9      | Identified the +8 flail of Drought {heavy, rElec rC++ rCorr
                  | Str-3}
  4918 | D:10     | Entered Level 10 of the Dungeon
  4927 | D:10     | Noticed a two-headed ogre
  4937 | D:10     | Killed a two-headed ogre
  5240 | D:10     | Noticed Maurice
  5266 | D:10     | Killed Maurice
  5297 | D:10     | Reached XP level 12. HP: 104/104 MP: 16/16
  5536 | D:11     | Noticed a centaur warrior
  5758 | Orc:1    | Entered Level 1 of the Orcish Mines
  5758 | Orc:1    | Noticed Urug
  5758 | Orc:1    | Noticed an orc knight
  5779 | D:9      | Killed an orc knight
  5849 | Orc:1    | Killed Urug
  5864 | Orc:1    | Noticed Nergalle
  5873 | Orc:1    | Killed Nergalle
  5900 | Orc:1    | Noticed a sun demon
  5964 | Orc:1    | Noticed an orc knight
  5993 | Orc:1    | Killed an orc knight
  6001 | Orc:1    | Reached skill level 10 in Maces & Flails
  6067 | Orc:2    | Entered Level 2 of the Orcish Mines
  6067 | Orc:2    | Found a staircase to the Elven Halls.
  6075 | Orc:2    | Noticed an orc knight
  6092 | Orc:1    | Killed an orc knight
  6177 | Elf:1    | Entered Level 1 of the Elven Halls
  6177 | Elf:1    | Noticed a deep elf zephyrmancer
  6178 | Elf:1    | Noticed a deep elf zephyrmancer
  6178 | Elf:1    | Noticed a deep elf zephyrmancer
  6179 | Elf:1    | Paralysed by an air elemental for 1 turns
  6211 | Elf:1    | Paralysed by an air elemental for 1 turns
  6215 | Orc:2    | Paralysed by an air elemental for 1 turns
  6238 | Orc:2    | Killed a deep elf zephyrmancer
  6247 | Orc:2    | Killed a deep elf zephyrmancer
  6273 | Elf:1    | Killed a deep elf zephyrmancer
  6309 | Elf:1    | Noticed a deep elf archer
  6316 | Elf:1    | Killed a deep elf archer
  6317 | Elf:1    | Reached XP level 13. HP: 106/112 MP: 17/17
  6586 | Orc:1    | Noticed Josephine
  6605 | Orc:2    | Killed Josephine
  6606 | Orc:2    | Reached skill level 10 in Fighting
  6814 | Orc:2    | Found a runed translucent door.
  6814 | Orc:2    | Found a shimmering altar of Xom.
  6814 | Orc:2    | Noticed math4jedi's ghost (journeyman MiBe)
  6906 | Orc:2    | Noticed an orc warlord
  6933 | Orc:2    | Glimpsed the power of Zot.
  7001 | Orc:2    | Glimpsed the power of Zot.
  7142 | D:11     | Noticed Lodul
  7194 | D:10     | Killed a centaur warrior
  7262 | D:11     | Killed Lodul
  7285 | D:11     | Reached skill level 5 in Ranged Weapons
  7371 | D:11     | Found a staircase to the Lair.
  7501 | Lair:1   | Entered Level 1 of the Lair of Beasts
  7888 | Lair:2   | Noticed Amaemon
  7902 | Lair:2   | Killed Amaemon
  7903 | Lair:2   | Reached XP level 14. HP: 46/122 MP: 18/18
  8099 | Lair:2   | Reached skill level 15 in Armour
  8168 | Lair:2   | Found a staircase to the Snake Pit.
  8439 | Lair:3   | Noticed Gastronok
  8466 | Lair:3   | Killed Gastronok
  8708 | Lair:4   | Got Sif Muna's Early Guide to the Rites and Rhymes
  8825 | Lair:4   | Found the +8 whip "Snakebite" {venom, curare, rPois}
  9146 | Lair:5   | Entered Level 5 of the Lair of Beasts
  9192 | Lair:5   | Identified the +0 quarterstaff of Havoc {drain, *Rage Int+2
                  | SInv}
  9422 | Lair:5   | Reached XP level 15. HP: 108/132 MP: 19/19
  9569 | Lair:5   | Reached skill level 5 in Evocations
  9578 | Lair:5   | Identified the +4 ring mail of Iluy {Dex+3}
  9857 | Lair:5   | Identified the +0 chain mail of Unambiguity {rCorr}
 10241 | Lair:3   | Found a staircase to the Shoals.
 10246 | Shoals:1 | Entered Level 1 of the Shoals
 10496 | Shoals:1 | Reached XP level 16. HP: 120/147 MP: 20/20
 10663 | Shoals:1 | Reached skill level 15 in Fighting
 10734 | Shoals:2 | Noticed Roxanne
 10752 | Abyss:3  | Cast into level 3 of the Abyss (merfolk impaler)
 10765 | Abyss:3  | Noticed a purple draconian shifter
 10767 | Abyss:3  | Noticed a hellephant
 10767 | Abyss:3  | Noticed a purple draconian shifter
 10790 | Abyss:3  | Noticed a hellephant
 10798 | Abyss:3  | Found a corrupted altar of Lugonu.
 10799 | Abyss:3  | Noticed a purple draconian shifter
 10812 | Abyss:3  | Got an abyssal rune of Zot
 10816 | Abyss:3  | HP: 6/149 [spatial maelstrom (20)]
 10884 | Abyss:3  | Killed a hellephant
 10978 | Abyss:3  | Noticed a tentacled starspawn
 10992 | Abyss:3  | Killed a tentacled starspawn
 11129 | Abyss:3  | Noticed a tentacled starspawn
 11151 | Abyss:3  | Killed a tentacled starspawn
 11158 | Abyss:3  | Noticed a tentacled starspawn
 11175 | Abyss:3  | Killed a tentacled starspawn
 11228 | Abyss:3  | Noticed a tentacled starspawn
 11243 | Abyss:3  | Killed a tentacled starspawn
 11245 | Abyss:3  | Found a corrupted altar of Lugonu.
 11246 | Abyss:3  | Found a corrupted altar of Lugonu.
 11250 | Abyss:3  | Noticed a spectral shard shrike
 11255 | Abyss:3  | Reached skill level 5 in Throwing
 11312 | Shoals:2 | Escaped the Abyss
 11367 | Shoals:2 | Noticed Ilsuiw
 11423 | Shoals:2 | Killed Ilsuiw
 11547 | Shoals:2 | Reached XP level 17. HP: 160/160 MP: 21/21
 11580 | Shoals:2 | Noticed Polyphemus
 11850 | Shoals:3 | Identified the +0 buckler "Vonehiadgh" {Will+ Dex+4}
 11979 | Shoals:3 | Noticed Nikola
 11983 | Shoals:3 | Killed from afar by Nikola

Illustrated notes

Levels and vault maps discovered:
D:1:      denvon_arrival_planthouse, layout_loops_cross
D:2:      minmay_chambers_of_twos, layout_rooms, basic_altar,
          hellmonk_ecumenical_altar_lost_god, minmay_heptomino_o4
D:3:      layout_loops_corners, lemuel_coloured_pillars_altar,
          worldfamousw_hep_ancestral_shrine
D:4:      layout_basic, serial_shops, kennysheep_little_box
D:5:      layout_loops_ring, minmay_temple_entry_statues_pillars,
          grunt_decor_junction, serial_bayou_crossing, uniq_eustachio
D:6:      layout_cave_pools, uniq_crazy_yiuf_cottage, uniq_duvessa, uniq_sigmund
D:7:      layout_gridville, serial_shops, nicolae_shop_rolled_up,
          minmay_misc_feat_five, minmay_bent
D:8:      layout_rooms, enter_bailey_4, due_unseen_surprise
D:9:      layout_cave_pools, orc_0_dummy, item_on_display_a
D:10:     layout_basic, uniq_maurice
D:11:     layout_basic, erik_lair_orcish_takeover, uniq_lodul
Temple:   mainiacjoe_temple_cubbyholes
Lair:1:   layout_gridlike, nicolae_quartered_pool_super
Lair:2:   layout_concentric_octagons, dummy_snake_entry,
          hangedman_lair_unloving_vines, minivault_24, beast_lair_carwin_5,
          uniq_amaemon
Lair:3:   layout_loops_ring, elwin_shoals_entry_rooms, uniq_gastronok
Lair:4:   minmay_guarded_unrand_snakebite, layout_cave_shapes,
          bh_autumn_forest_stairs
Lair:5:   hangedman_lair_caniforms_friends, layout_long_grid,
          hangedman_lair_in_review, slime_entry_1, infiniplex_staircase_pool_2
Shoals:1: layout_shoals
Shoals:2: layout_shoals, nicolae_shop_self_help, uniq_ilsuiw, uniq_roxanne,
          uniq_polyphemus
Shoals:3: layout_shoals, uniq_nikola
Orc:1:    layout_diamond_mine, uniq_urug, uniq_josephine, uniq_nergalle
Orc:2:    grunt_orc_cross, layout_diamond_mine, special_room, ebering_ghost_xom
Elf:1:    nicolae_elf_arrival_aired_out, layout_onion_city,
          portal_desolation_entry_holy_temple, kennysheep_underground_church,
          minmay_shop_grove

Skill      XL: |  1  2  3  4  5  6  7  8  9 10 11 12 13 14 15 16 17 |
---------------+----------------------------------------------------+-----
Fire Magic     | 4 |  4.2
Spellcasting   | 2 |  2.0
Dodging        | 1 2 3 |  3.4
Armour         | 1 2 3 5 6 8 9 11 12 14 15 16 17 | 17.4
Maces & Flails | 5 6 8 11 14 | 14.7
Fighting       | 4 5 6 7 8 9 10 12 14 16 17 | 17.1
Axes           | 2 3 |  3.4
Throwing       | 1 2 3 4 5 |  5.1
Polearms       | 3 6 10 11 | 11.6
Ranged Weapons | 1 2 4 5 7 8 9 |  9.3
Evocations     | 1 4 5 7 |  7.4
Shields        | |  0.8

Action                     |  1- 3 |  4- 6 |  7- 9 | 10-12 | 13-15 | 16-18 || total
---------------------------+-------+-------+-------+-------+-------+-------++-------
  Melee: Mace              |    87 |   156 |       |       |       |       ||   243
         Punch             |       |     1 |     5 |     5 |    13 |    10 ||    34
         Hand axe          |       |    23 |    89 |       |       |       ||   112
         Trident           |       |       |   254 |   374 |       |       ||   628
         Flail             |       |       |       |   187 |   508 |   200 ||   895
         Whip              |       |       |       |       |   277 |   193 ||   470
   Fire: Sling             |       |       |    14 |       |       |       ||    14
         Arbalest          |       |       |       |    46 |   115 |    35 ||   196
  Throw: Dart              |       |     4 |    10 |    24 |     9 |       ||    47
         Javelin           |       |       |       |       |     1 |     2 ||     3
         Boomerang         |       |       |       |       |    15 |    10 ||    25
   Cast: Scorch            |    13 |       |       |       |       |       ||    13
 Invoke: Fiery Armour      |       |       |     1 |     1 |     2 |     1 ||     5
         Foxfire Swarm     |       |       |     1 |       |       |       ||     1
         Rising Flame      |       |       |       |       |     1 |       ||     1
  Evoke: Wand              |       |       |       |     1 |       |     1 ||     2
    Use: Scroll            |       |       |       |    11 |     9 |     8 ||    28
         Potion            |       |       |       |     2 |     5 |     9 ||    16
 Armour: Robe              |    12 |       |       |       |       |       ||    12
         Plate armour      |    63 |   146 |   313 |   472 |   726 |   408 ||  2128
  Dodge: Dodged            |    53 |    56 |   141 |   288 |   513 |   248 ||  1299
  Block: Buckler           |       |       |       |       |       |     5 ||     5
